[Event "FIDE WYCC Girls U18 2023"]
[Site "Montesilvano"]
[Date "2023.11.18"]
[Round "6.29"]
[White "Egger, Stefanie"]
[Black "Ajradinoska, Indzi"]
[Result "1-0"]
[ECO "D35"]
[WhiteElo "1784"]
[BlackElo "1594"]
[Annotator "NA"]
[PlyCount "90"]
[EventDate "2023.11.13"]
[EventType "swiss"]
[EventCountry "ITA"]
[SourceTitle "playchess.com"]
[Source "ChessBase"]
[SourceQuality "1"]
[TimeControl "40/5400+30:1800+30"]

1. d4 e6 2. c4 Nf6 3. Nc3 d5 4. cxd5 exd5 5. Bg5 Be7 6. e3 O-O 7. Bd3 c6 8. Qc2 h6 9. Bh4 Nbd7 10. Nge2 Re8 11. O-O Nf8 12. f3 Bb4 13. Bf2 Qe7 14. a3 Bxc3 15. Nxc3 Bd7 16. Rfe1 Rad8 17. Rad1 Bc8 18. Bh4 Qd6 19. Bf2 Qe7 20. Bh4 Qd6 21. Kh1 N8d7 22. Bg3 Qe7 23. Bc7 c5 24. Bxd8 Qxd8 25. dxc5 Nxc5 26. Bf5 Be6 27. Bxe6 fxe6 28. Nxd5 exd5 29. Qxc5 b6 30. Qd4 Qc7 31. Rc1 Qf7 32. Rc3 Qh5 33. Rec1 Qf5 34. Qd3 Qe6 35. Kg1 a5 36. Re1 Qf7 37. e4 Qh5 38. Qb5 Qh4 39. Rce3 dxe4 40. fxe4 Rf8 41. Qe2 Qf4 42. Rf3 Qe5 43. Kh1 Re8 44. Rb3 Nxe4 45. Re3 Nc3 1-0

[Event "FIDE WYCC Girls U18 2023"]
[Site "Montesilvano"]
[Date "2023.11.18"]
[Round "6.30"]
[White "Soares, Sara Joana De Moura "]
[Black "Wolf, Elena"]
[Result "*"]
[ECO "D35"]
[WhiteElo "1772"]
[BlackElo "1195"]
[Annotator "NA"]
[PlyCount "61"]
[EventDate "2023.11.13"]
[EventType "swiss"]
[EventCountry "ITA"]
[SourceTitle "playchess.com"]
[Source "ChessBase"]
[SourceQuality "1"]
[TimeControl "40/5400+30:1800+30"]

1. d4 d5 2. c4 e6 3. Nc3 Nf6 4. cxd5 exd5 5. Bg5 Be7 6. e3 O-O 7. Bd3 Re8 8. Qc2 h6 9. Bh4 c5 10. Nf3 Nc6 11. Be2 Bg4 12. Rd1 c4 13. O-O Rc8 14. Ne5 Bxe2 15. Qxe2 Bd6 16. Ng4 Be7 17. Bxf6 Bxf6 18. Nxf6+ Qxf6 19. Nxd5 Qd8 20. Qf3 b5 21. h3 Re6 22. Nc3 a6 23. Ne4 Nb4 24. a3 Nd3 25. Rd2 a5 26. Rc2 Rec6 27. Rd1 Rb6 28. Nc5 Rxc5 29. dxc5 Rf6 30. Qg4 Qc7 31. Qd4 *

[Event "FIDE WYCC Girls U18 2023"]
[Site "Montesilvano"]
[Date "2023.11.18"]
[Round "6.31"]
[White "O'Carroll, Om"]
[Black "Monteiro, Helen Ramazzotte"]
[Result "*"]
[ECO "B13"]
[WhiteElo "1737"]
[BlackElo "1447"]
[Annotator "NA"]
[PlyCount "59"]
[EventDate "2023.11.13"]
[EventType "swiss"]
[EventCountry "ITA"]
[SourceTitle "playchess.com"]
[Source "ChessBase"]
[SourceQuality "1"]
[TimeControl "40/5400+30:1800+30"]

1. e4 c6 2. d4 d5 3. exd5 cxd5 4. Bd3 Nc6 5. c3 Nf6 6. Bf4 Bg4 7. Qb3 Qd7 8. Nd2 e6 9. Ngf3 Bd6 10. Bxd6 Qxd6 11. O-O O-O 12. Rae1 Bxf3 13. Nxf3 Qc7 14. Kh1 Rab8 15. Ne5 Nxe5 16. dxe5 Nd7 17. Qc2 g6 18. Qe2 Rfc8 19. f4 a6 20. Rf3 Kg7 21. Rh3 Nc5 22. Bb1 Na4 23. Qd2 h5 24. f5 exf5 25. Bxf5 Rh8 26. e6 Nb6 27. exf7 gxf5 28. Qg5+ Kf8 29. Rxh5 Kxf7 30. Qxf5+ *

[Event "FIDE WYCC Girls U18 2023"]
[Site "Montesilvano"]
[Date "2023.11.18"]
[Round "6.32"]
[White "Darweeche, Roaa"]
[Black "Tikvesli, Ceylin"]
[Result "*"]
[ECO "A45"]
[WhiteElo "1406"]
[BlackElo "1736"]
[Annotator "NA"]
[PlyCount "73"]
[EventDate "2023.11.13"]
[EventType "swiss"]
[EventCountry "ITA"]
[SourceTitle "playchess.com"]
[Source "ChessBase"]
[SourceQuality "1"]
[TimeControl "40/5400+30:1800+30"]

1. d4 Nf6 2. Nc3 d5 3. Nf3 g6 4. Bf4 Bg7 5. h3 c5 6. e3 a6 7. dxc5 Nbd7 8. Be2 Nxc5 9. O-O O-O 10. Be5 e6 11. Rb1 b5 12. b4 Ncd7 13. Bd4 Qc7 14. Bc5 Nxc5 15. bxc5 Qxc5 16. Qd4 Qc7 17. Qb4 Nd7 18. Nd4 Nb6 19. Rfc1 Bd7 20. Nd1 e5 21. Nf3 Rfc8 22. Nb2 a5 23. Qd2 Bf8 24. c3 Ba3 25. g4 Na4 26. Rc2 Bxb2 27. Rbxb2 Nxb2 28. Rxb2 Qxc3 29. Qxc3 Rxc3 30. Nxe5 Be8 31. Bxb5 Rb8 32. a4 Bxb5 33. axb5 a4 34. Ra2 a3 35. g5 Rxb5 36. Rd2 Ra5 37. Ra2 *

[Event "FIDE WYCC Girls U18 2023"]
[Site "Montesilvano"]
[Date "2023.11.18"]
[Round "6.33"]
[White "Lunar Villaman, Sofia"]
[Black "Gonzalez Romo, Greshya Jocelyn"]
[Result "*"]
[WhiteElo "1305"]
[BlackElo "1494"]
[Annotator "NA"]
[PlyCount "44"]
[EventDate "2023.11.13"]
[EventType "swiss"]
[EventCountry "ITA"]
[SourceTitle "playchess.com"]
[Source "ChessBase"]
[SourceQuality "1"]
[TimeControl "40/5400+30:1800+30"]

1. d4 d5 2. Bf4 Nf6 3. Nf3 e6 4. e3 Bd6 5. Bg3 O-O 6. c3 c5 7. Nbd2 Qc7 8. Qc2 Nbd7 9. a4 Re8 10. Bb5 cxd4 11. exd4 h6 12. O-O Bxg3 13. hxg3 b6 14. Ne5 a6 15. Bxd7 Bxd7 16. Rfe1 Rec8 17. Qd3 Be8 18. Ndf3 Qb7 19. Qe3 b5 20. axb5 axb5 21. g4 Ne4 22. Nd2 Nd6 *

[Event "FIDE WYCC Girls U18 2023"]
[Site "Montesilvano"]
[Date "2023.11.18"]
[Round "6.34"]
[White "Saraci, Rinesa"]
[Black "Lu, Yun-Ru"]
[Result "1-0"]
[ECO "C78"]
[WhiteElo "1481"]
[BlackElo "1284"]
[Annotator "NA"]
[PlyCount "101"]
[EventDate "2023.11.13"]
[EventType "swiss"]
[EventCountry "ITA"]
[SourceTitle "playchess.com"]
[Source "ChessBase"]
[SourceQuality "1"]
[TimeControl "40/5400+30:1800+30"]

1. e4 e5 2. Nf3 Nc6 3. Bb5 a6 4. Ba4 Nf6 5. O-O Bc5 6. d3 h6 7. Bxc6 dxc6 8. Nxe5 O-O 9. h3 Re8 10. Nf3 Bd6 11. Re1 Be5 12. d4 Bxd4 13. Qxd4 Qxd4 14. Nxd4 Nxe4 15. f3 Nf6 16. Rxe8+ Nxe8 17. Nc3 Bd7 18. Bf4 Rd8 19. Re1 c5 20. Nb3 c4 21. Nc5 Bc8 22. Kf2 c6 23. N3a4 Nf6 24. Nb6 Nd5 25. Nxd5 cxd5 26. Bc7 Rf8 27. Re5 d4 28. Rd5 c3 29. bxc3 dxc3 30. Rd3 Bf5 31. Rxc3 Rc8 32. Nxb7 f6 33. Nd6 Rxc7 34. Rxc7 Be6 35. c4 Kf8 36. Ra7 a5 37. Rxa5 Ke7 38. c5 Kd7 39. Ra6 Kc7 40. a4 f5 41. a5 g5 42. Ne8+ Kd7 43. Rxe6 Kxe6 44. a6 Kd7 45. a7 Kxe8 46. a8=Q+ Kf7 47. Qd5+ Kg6 48. Qe6+ Kh5 49. g3 g4 50. fxg4+ Kg5 51. Qxf5# 1-0

[Event "FIDE WYCC Girls U18 2023"]
[Site "Montesilvano"]
[Date "2023.11.18"]
[Round "6.35"]
[White "Changkachith, Alyssa"]
[Black "Serina Arafat"]
[Result "*"]
[WhiteElo "1147"]
[BlackElo "1413"]
[Annotator "NA"]
[PlyCount "46"]
[EventDate "2023.11.13"]
[EventType "swiss"]
[EventCountry "ITA"]
[SourceTitle "playchess.com"]
[Source "ChessBase"]
[SourceQuality "1"]
[TimeControl "40/5400+30:1800+30"]

1. e4 e6 2. d4 d5 3. exd5 exd5 4. Bf4 Nf6 5. Nc3 a6 6. h3 Be7 7. Nf3 O-O 8. Bd3 b5 9. O-O Bb7 10. Re1 Nbd7 11. Bxc7 Qxc7 12. Rxe7 Rfe8 13. Re2 Ne4 14. Qe1 f5 15. a3 Ndf6 16. Na2 Qf4 17. c3 Nh5 18. b3 Qh6 19. Re3 Nf4 20. Bf1 Re6 21. Ne5 Qg5 22. Nb4 Rh6 23. Kh2 Nf6 *

[Event "FIDE WYCC Girls U18 2023"]
[Site "Montesilvano"]
[Date "2023.11.20"]
[Round "7.1"]
[White "Wikar, Martyna"]
[Black "Balabayeva, Xeniya"]
[Result "1/2-1/2"]
[ECO "C11"]
[WhiteElo "2228"]
[BlackElo "2192"]
[Annotator "RC"]
[PlyCount "93"]
[EventDate "2023.11.13"]
[EventType "swiss"]
[EventCountry "ITA"]
[SourceTitle "playchess.com"]
[Source "ChessBase"]
[SourceQuality "1"]
[TimeControl "40/5400+30:1800+30"]

1. e4 e6 2. d4 d5 3. Nc3 Nf6 4. e5 Nfd7 5. f4 c5 6. Nf3 Nc6 7. Be3 cxd4 8. Nxd4 Qb6 9. Qd2 Qxb2 10. Rb1 Qa3 11. Bb5 Nxd4 12. Bxd4 a6 13. Bxd7+ Bxd7 14. Rb3 Qe7 15. Rxb7 Qh4+ 16. Qf2 Qxf2+ 17. Kxf2 Be7 18. Rhb1 Bd8 19. Rb8 Rxb8 20. Rxb8 O-O 21. Rb7 Bc6 22. Ra7 Ba5 23. Rxa6 Bxc3 24. Bxc3 Rc8 25. Ke3 Bb5 26. Ra3 h5 27. Kd2 Rc4 28. Rb3 Ba4 29. Rb4 Rxb4 30. Bxb4 f6 31. exf6 gxf6 32. Bc3 Kf7 33. Bd4 Kg6 34. c3 Kf5 35. Ke3 e5 36. fxe5 fxe5 37. Bb6 Bb5 38. Bc7 Bc6 39. g3 Bb5 40. h3 Ke6 41. g4 hxg4 42. hxg4 d4+ 43. cxd4 exd4+ 44. Kxd4 Kd7 45. Be5 Kc6 46. g5 Kb7 47. g6 1/2-1/2

[Event "FIDE WYCC Girls U18 2023"]
[Site "Montesilvano"]
[Date "2023.11.20"]
[Round "7.2"]
[White "Mungunzul, Bat-Erdene"]
[Black "Luong, Hoang Tu Linh"]
[Result "0-1"]
[ECO "E32"]
[WhiteElo "2111"]
[BlackElo "1887"]
[Annotator "NA RC"]
[PlyCount "146"]
[EventDate "2023.11.13"]
[EventType "swiss"]
[EventCountry "ITA"]
[SourceTitle "playchess.com"]
[Source "ChessBase"]
[SourceQuality "1"]
[TimeControl "40/5400+30:1800+30"]

1. d4 Nf6 2. c4 e6 3. Nc3 Bb4 4. Qc2 O-O 5. a3 Bxc3+ 6. Qxc3 d5 7. Bg5 dxc4 8. Qxc4 b6 9. Nf3 Ba6 10. Qc2 Nbd7 11. g3 c5 12. Bxf6 gxf6 13. Bg2 Bb7 14. Rd1 Qe7 15. O-O Rac8 16. Ng5 fxg5 17. Bxb7 Rc7 18. Bg2 Nf6 19. Qd2 h6 20. h4 Nh7 21. d5 exd5 22. Qxd5 gxh4 23. gxh4 Qe6 24. Qh5 Kh8 25. Kh2 Re7 26. Rd5 Qg6 27. Qf3 Qf6 28. Rh5 Qxf3 29. Bxf3 Re6 30. Rd1 Nf6 31. Rf5 Rfe8 32. e3 Kg7 33. Be2 Ne4 34. Kg2 Rf6 35. Rxf6 Nxf6 36. Bf3 Re7 37. Kg3 Nd7 38. Rd5 Nf6 39. Rd8 Rd7 40. Rxd7 Nxd7 41. Kf4 Kf6 42. Be2 Ne5 43. h5 Ke6 44. Bf1 c4 45. Ke4 b5 46. Kd4 Kd6 47. f4 Nc6+ 48. Ke4 Ne7 49. Be2 f6 50. f5 Kc5 51. Bd1 a5 52. Bc2 b4 53. axb4+ axb4 54. b3 Nc6 55. Bd1 cxb3 56. Bxb3 Na5 57. Be6 Nc4 58. Kd3 Ne5+ 59. Kc2 Ng4 60. Kd3 Nf2+ 61. Ke2 Ne4 62. Kd3 Ng3 63. e4 Nxh5 64. Bf7 Ng3 65. e5 fxe5 66. f6 e4+ 67. Ke3 Nf5+ 68. Kf4 Nd6 69. Bg6 Kd4 70. f7 Nxf7 71. Bxf7 e3 72. Bh5 Kd3 73. Kf3 Kd2 0-1

[Event "FIDE WYCC Girls U18 2023"]
[Site "Montesilvano"]
[Date "2023.11.20"]
[Round "7.3"]
[White "Petricenco, Ana"]
[Black "Mihelic, Vesna"]
[Result "1/2-1/2"]
[ECO "C42"]
[WhiteElo "1902"]
[BlackElo "2102"]
[Annotator "NA RC"]
[PlyCount "92"]
[EventDate "2023.11.13"]
[EventType "swiss"]
[EventCountry "ITA"]
[SourceTitle "playchess.com"]
[Source "ChessBase"]
[SourceQuality "1"]
[TimeControl "40/5400+30:1800+30"]

1. e4 e5 2. Nf3 Nf6 3. Nxe5 d6 4. Nf3 Nxe4 5. Qe2 Qe7 6. d3 Nf6 7. Bg5 Qxe2+ 8. Bxe2 Be7 9. Nc3 Nc6 10. O-O-O Bf5 11. Nb5 O-O-O 12. Nfd4 Nxd4 13. Nxd4 Bd7 14. Bf3 h6 15. Bd2 Ng4 16. Bxg4 Bxg4 17. Rde1 Bf6 18. Bc3 Rde8 19. Nb5 Bxc3 20. Nxc3 Bd7 21. Kd2 Bc6 22. f3 Kd8 23. Ne2 b6 24. Nd4 Bd7 25. Rxe8+ Rxe8 26. Re1 Rxe1 27. Kxe1 c5 28. Ne2 Ke7 29. Kd2 g5 30. d4 Bb5 31. dxc5 bxc5 32. Nc3 Bc6 33. Ne2 f5 34. a3 Ke6 35. c4 f4 36. b4 Ke5 37. b5 Bb7 38. Kd3 g4 39. Ng1 d5 40. a4 d4 41. a5 h5 42. h3 Kf6 43. h4 Ke5 44. a6 Ba8 45. Kd2 Kd6 46. Kd3 Ke5 1/2-1/2

[Event "FIDE WYCC Girls U18 2023"]
[Site "Montesilvano"]
[Date "2023.11.20"]
[Round "7.4"]
[White "Barwinska, Ewa"]
[Black "Kurmangaliyeva, Liya"]
[Result "0-1"]
[ECO "B40"]
[WhiteElo "1974"]
[BlackElo "2236"]
[Annotator "RC"]
[PlyCount "102"]
[EventDate "2023.11.13"]
[EventType "swiss"]
[EventCountry "ITA"]
[SourceTitle "playchess.com"]
[Source "ChessBase"]
[SourceQuality "1"]
[TimeControl "40/5400+30:1800+30"]

1. e4 c5 2. Nf3 e6 3. d3 Nc6 4. g3 d6 5. Bg2 Nf6 6. O-O Be7 7. Re1 O-O 8. c3 e5 9. a3 h6 10. b4 a6 11. Bb2 Re8 12. Nbd2 Bf8 13. Nf1 Bd7 14. Ne3 Rc8 15. h4 b5 16. Nh2 a5 17. Nd5 Be6 18. Nf1 axb4 19. axb4 cxb4 20. Nxb4 Nxb4 21. cxb4 d5 22. exd5 Nxd5 23. Rxe5 Nxb4 24. d4 Qd7 25. Bf3 Bd6 26. Re2 Bc4 27. Rxe8+ Rxe8 28. Qd2 Nd3 29. Ne3 Bxg3 30. fxg3 Nxb2 31. Kh2 Nd3 32. d5 Qe7 33. Nxc4 bxc4 34. Ra4 Qc5 35. d6 Rd8 36. Be4 Ne5 37. Ra5 Ng4+ 38. Kg2 c3 39. Qa2 Qxd6 40. Ra8 Nf6 41. Qa5 Rxa8 42. Qxa8+ Qf8 43. Qc6 Nxe4 44. Qxe4 Qc8 45. Qc2 Qb7+ 46. Kh3 Qd7+ 47. g4 Qd2 48. Qf5 g6 49. Qc8+ Kg7 50. g5 hxg5 51. hxg5 c2 0-1

[Event "FIDE WYCC Girls U18 2023"]
[Site "Montesilvano"]
[Date "2023.11.20"]
[Round "7.5"]
[White "Blanquet, Camille"]
[Black "Zhurova, Anna"]
[Result "0-1"]
[ECO "D38"]
[WhiteElo "1953"]
[BlackElo "2149"]
[Annotator "NA RC"]
[PlyCount "120"]
[EventDate "2023.11.13"]
[EventType "swiss"]
[EventCountry "ITA"]
[SourceTitle "playchess.com"]
[Source "ChessBase"]
[SourceQuality "1"]
[TimeControl "40/5400+30:1800+30"]

1. d4 Nf6 2. c4 e6 3. Nc3 d5 4. Nf3 Bb4 5. e3 O-O 6. Bd2 c5 7. a3 Bxc3 8. Bxc3 Ne4 9. Qc2 Nxc3 10. Qxc3 cxd4 11. Qxd4 Nc6 12. Qc3 Qe7 13. cxd5 exd5 14. Be2 Bf5 15. O-O Rac8 16. Rac1 Rfd8 17. Nd4 Bd7 18. Rfd1 g6 19. Nxc6 bxc6 20. Qc5 Qe5 21. Qd4 Qb8 22. Rc5 Re8 23. b4 Re4 24. Qf6 Rce8 25. Bf3 R4e5 26. Qf4 g5 27. Qg3 Qb6 28. h4 h6 29. Bg4 Bxg4 30. Qxg4 R8e6 31. Rd4 Qd8 32. hxg5 Rxg5 33. Qf3 Reg6 34. g3 h5 35. Kh2 Rg4 36. Rxg4 hxg4 37. Qf4 Kg7 38. Qd4+ Kh7 39. Ra5 Qg5 40. Rxa7 Rh6+ 41. Kg2 Qh5 42. Qd3+ Kg7 43. Kf1 Qh1+ 44. Ke2 Qf3+ 45. Kd2 Qxf2+ 46. Kc3 Qxg3 47. Qd4+ Rf6 48. Ra8 Qf3 49. Qe5 g3 50. Qe8 Kg6 51. Qg8+ Kh5 52. Re8 d4+ 53. Kxd4 Qg4+ 54. e4 Qxg8 55. Rxg8 Kh4 56. Ke3 Kh3 57. a4 g2 58. Rxg2 Kxg2 59. a5 Rd6 60. e5 Rd5 0-1

[Event "FIDE WYCC Girls U18 2023"]
[Site "Montesilvano"]
[Date "2023.11.20"]
[Round "7.6"]
[White "Hakobyan, Astghik"]
[Black "Oviedo Acosta, Paula"]
[Result "1/2-1/2"]
[ECO "B43"]
[WhiteElo "2073"]
[BlackElo "1639"]
[Annotator "NA RC"]
[PlyCount "116"]
[EventDate "2023.11.13"]
[EventType "swiss"]
[EventCountry "ITA"]
[SourceTitle "playchess.com"]
[Source "ChessBase"]
[SourceQuality "1"]
[TimeControl "40/5400+30:1800+30"]

1. e4 c5 2. Nf3 e6 3. d4 cxd4 4. Nxd4 a6 5. Nc3 b5 6. Bd3 Qb6 7. Nf3 Qc7 8. O-O Bb7 9. Re1 Be7 10. e5 f5 11. Nd4 Bc5 12. Bxf5 Bxd4 13. Qxd4 exf5 14. e6 dxe6 15. Rxe6+ Kf7 16. Bf4 Qd7 17. Rd6 Qe8 18. Qb6 Qc8 19. Rd8 Qc6 20. Qxc6 Nxc6 21. Rd7+ Nge7 22. Rxb7 Ra7 23. Rxa7 Nxa7 24. Rd1 Nac6 25. Ne2 Rc8 26. c3 Na5 27. Rd7 Nac6 28. f3 h6 29. h4 Rd8 30. Rxd8 Nxd8 31. Nd4 Kf6 32. Kf2 Nb7 33. Bd2 Nc5 34. Ke2 Nd5 35. b3 g5 36. hxg5+ hxg5 37. g3 g4 38. fxg4 fxg4 39. Be1 Ke5 40. Nc2 Ke4 41. c4 bxc4 42. bxc4 Nf6 43. Ne3 Nd3 44. Bc3 Nh5 45. Nxg4 Nxg3+ 46. Kd2 Nc5 47. Nf2+ Kf5 48. Ke3 Ke6 49. Bb4 Nf5+ 50. Kd2 Nb7 51. Kd3 Kd7 52. Ke4 Ng7 53. Kd5 Ne6 54. c5 Nc7+ 55. Kc4 Kc6 56. Nd3 Ne6 57. Ne5+ Kc7 58. Bd2 Nexc5 1/2-1/2

[Event "FIDE WYCC Girls U18 2023"]
[Site "Montesilvano"]
[Date "2023.11.20"]
[Round "7.7"]
[White "Gasimova, Samra"]
[Black "Voriskova, Anna"]
[Result "1/2-1/2"]
[ECO "A45"]
[WhiteElo "1860"]
[BlackElo "2065"]
[Annotator "NA RC"]
[PlyCount "76"]
[EventDate "2023.11.13"]
[EventType "swiss"]
[EventCountry "ITA"]
[SourceTitle "playchess.com"]
[Source "ChessBase"]
[SourceQuality "1"]
[TimeControl "40/5400+30:1800+30"]

1. d4 Nf6 2. Nc3 d5 3. Bf4 e6 4. Nb5 Na6 5. e3 c6 6. Nc3 Be7 7. Nf3 O-O 8. Bxa6 bxa6 9. Ne5 Bb7 10. Na4 c5 11. Nxc5 Bxc5 12. dxc5 Qa5+ 13. c3 Qxc5 14. O-O Rac8 15. h3 h6 16. Rc1 Rfd8 17. Qd4 Qb6 18. Rfd1 Ne4 19. f3 Nd6 20. Ng4 Nf5 21. Qxb6 axb6 22. c4 h5 23. Nf2 e5 24. Bxe5 Nxe3 25. Re1 Nxc4 26. Bd4 b5 27. Nd3 a5 28. b3 Nd6 29. Bb6 Rxc1 30. Rxc1 Ra8 31. Rc7 Bc8 32. Nf4 Be6 33. Rc5 a4 34. Nxd5 axb3 35. axb3 Ra2 36. Nc7 Bxb3 37. Nxb5 Nc4 38. Nd4 Nxb6 1/2-1/2

[Event "FIDE WYCC Girls U18 2023"]
[Site "Montesilvano"]
[Date "2023.11.20"]
[Round "7.8"]
[White "Matute Escobar, Roxanny"]
[Black "Nguyen, Thien Ngan"]
[Result "0-1"]
[ECO "C55"]
[WhiteElo "1995"]
[BlackElo "1891"]
[Annotator "NA RC"]
[PlyCount "96"]
[EventDate "2023.11.13"]
[EventType "swiss"]
[EventCountry "ITA"]
[SourceTitle "playchess.com"]
[Source "ChessBase"]
[SourceQuality "1"]
[TimeControl "40/5400+30:1800+30"]

1. e4 e5 2. Nf3 Nc6 3. Bc4 Nf6 4. d3 Be7 5. c3 O-O 6. Nbd2 d6 7. Bb3 Na5 8. Bc2 c5 9. O-O Nc6 10. a4 a6 11. Nc4 Be6 12. Ne3 h6 13. d4 exd4 14. cxd4 Nb4 15. Bb1 Ng4 16. h3 Nxe3 17. Bxe3 b5 18. Qd2 f5 19. e5 Rc8 20. axb5 axb5 21. Re1 dxe5 22. Nxe5 Rf6 23. dxc5 Qxd2 24. Bxd2 Bxc5 25. Ra5 Rd8 26. Re2 Bd6 27. Rxb5 Nd5 28. Nc6 Rc8 29. Nd4 Nf4 30. Re1 Bd7 31. Rb7 Rd8 32. Bc3 Rg6 33. Bxf5 Bxf5 34. Nxf5 Nxg2 35. Re4 Ne3+ 36. Ng3 Bxg3 37. fxg3 Nd1 38. Be5 Re8 39. Re1 Rg5 40. Rxd1 Rexe5 41. Rb3 Re2 42. Rf1 h5 43. Rf2 Re1+ 44. Kg2 h4 45. g4 Rge5 46. Kf3 Kh7 47. Rb4 R1e3+ 48. Kf4 g5# 0-1

[Event "FIDE WYCC Girls U18 2023"]
[Site "Montesilvano"]
[Date "2023.11.20"]
[Round "7.9"]
[White "Bhagyashree Patil"]
[Black "Nguyen Hong Nhung"]
[Result "0-1"]
[ECO "A80"]
[WhiteElo "1830"]
[BlackElo "1975"]
[Annotator "NA RC"]
[PlyCount "102"]
[EventDate "2023.11.13"]
[EventType "swiss"]
[EventCountry "ITA"]
[SourceTitle "playchess.com"]
[Source "ChessBase"]
[SourceQuality "1"]
[TimeControl "40/5400+30:1800+30"]

1. d4 f5 2. Nc3 Nf6 3. Bg5 d5 4. e3 e6 5. Bd3 Be7 6. Nge2 O-O 7. Nf4 Ne4 8. Bxe7 Qxe7 9. h4 c6 10. Bxe4 fxe4 11. Qe2 Nd7 12. O-O-O e5 13. dxe5 Nxe5 14. f3 b5 15. Rdf1 exf3 16. gxf3 Nc4 17. Nd3 Qxe3+ 18. Qxe3 Nxe3 19. Re1 Nf5 20. Nc5 Nd4 21. Re7 Bf5 22. h5 Rf7 23. Re5 Nxf3 24. Re2 Raf8 25. Rg2 g6 26. Ne2 g5 27. h6 Re8 28. b3 Rfe7 29. Ng3 Bg6 30. Kb2 Re1 31. Rxe1 Rxe1 32. Rf2 g4 33. Ne2 Rh1 34. Nd7 Bf5 35. Ng3 Bxd7 36. Nxh1 Kf7 37. Re2 Bf5 38. Ng3 Bg6 39. c3 Kf6 40. a4 a6 41. a5 c5 42. Kc1 d4 43. cxd4 cxd4 44. Kd1 d3 45. Re3 Kg5 46. Re6 Bf7 47. Ne4+ Kh4 48. Rxa6 Bxb3+ 49. Kc1 g3 50. Rg6 Bd5 51. Nc3 Ng5 0-1

[Event "FIDE WYCC Girls U18 2023"]
[Site "Montesilvano"]
[Date "2023.11.20"]
[Round "7.10"]
[White "Sosovickova, Jana"]
[Black "Naymanova, Patricie"]
[Result "*"]
[ECO "B54"]
[WhiteElo "2013"]
[BlackElo "2083"]
[Annotator "NA RC"]
[PlyCount "76"]
[EventDate "2023.11.13"]
[EventType "swiss"]
[EventCountry "ITA"]
[SourceTitle "playchess.com"]
[Source "ChessBase"]
[SourceQuality "1"]
[TimeControl "40/5400+30:1800+30"]

1. e4 c5 2. Nf3 d6 3. d4 cxd4 4. Nxd4 Nf6 5. Nc3 a6 6. Be3 e5 7. Nb3 Be6 8. f4 g6 9. Qe2 Nbd7 10. g3 b5 11. Bg2 Bc4 12. Qd2 Qc7 13. Nd5 Nxd5 14. exd5 Bg7 15. fxe5 Bxe5 16. Bd4 O-O 17. O-O-O Bxb3 18. axb3 Bxd4 19. Qxd4 Ne5 20. h4 Rac8 21. Rd2 h5 22. Rf1 f5 23. Kb1 a5 24. Bf3 a4 25. b4 Nc4 26. Re2 a3 27. b3 Ne5 28. Rd2 Qc3 29. Qxc3 Rxc3 30. Be2 Rxg3 31. Rd4 Rb8 32. Ka2 Rg2 33. Bd1 Ra8 34. Re1 Rh2 35. Re3 Kf7 36. Rc3 Ng4 37. Rc7+ Kf6 38. Rd3 Rxh4 *

[Event "FIDE WYCC Girls U18 2023"]
[Site "Montesilvano"]
[Date "2023.11.20"]
[Round "7.11"]
[White "Liu, Kelsey"]
[Black "Sovetbekova, Nurai"]
[Result "1-0"]
[ECO "B50"]
[WhiteElo "2051"]
[BlackElo "1801"]
[Annotator "NA RC"]
[PlyCount "121"]
[EventDate "2023.11.13"]
[EventType "swiss"]
[EventCountry "ITA"]
[SourceTitle "playchess.com"]
[Source "ChessBase"]
[SourceQuality "1"]
[TimeControl "40/5400+30:1800+30"]

1. e4 c5 2. Nf3 d6 3. c3 Nf6 4. Bd3 Nc6 5. Bc2 Bg4 6. d4 cxd4 7. cxd4 e5 8. d5 Nd4 9. Bd3 Be7 10. Be3 Nxf3+ 11. gxf3 Bh5 12. Nd2 O-O 13. Rc1 Nd7 14. Rg1 Qa5 15. Ke2 Nc5 16. Nc4 Qc7 17. Bb1 Qd7 18. Bxc5 dxc5 19. Nxe5 Qb5+ 20. Nc4 Rad8 21. Qd3 Rfe8 22. Kf1 Qd7 23. f4 f5 24. d6 Bxd6 25. e5 Bf8 26. Qh3 Bg6 27. Ne3 Qb5+ 28. Kg2 Rd2 29. Bxf5 Bxf5 30. Qxf5 Qe2 31. Ng4 Rd3 32. Nf6+ Kf7 33. Nxh7+ Ke7 34. Ng5 Rd2 35. Rgf1 Kd8 36. Nf7+ Kc7 37. b4 b6 38. bxc5 Bxc5 39. Nd6 Rd8 40. Qe4 Qxe4+ 41. Nxe4 R2d5 42. Rc3 Kc6 43. Rfc1 a5 44. Rg3 Rd4 45. Rg6+ Kb5 46. Nxc5 bxc5 47. Kg3 Rf8 48. Rg4 c4 49. e6 Rd3+ 50. f3 Re3 51. Rg5+ Kb4 52. f5 c3 53. Kf2 Re5 54. Rg4+ Kb5 55. Rxc3 Rfxf5 56. a4+ Kb6 57. Re3 Kc6 58. Rxe5 Rxe5 59. Re4 Rxe4 60. fxe4 Kd6 61. Ke3 1-0

[Event "FIDE WYCC Girls U18 2023"]
[Site "Montesilvano"]
[Date "2023.11.20"]
[Round "7.12"]
[White "Skarbarchuk, Tetyana"]
[Black "Striskova, Lucia"]
[Result "1-0"]
[ECO "D32"]
[WhiteElo "2010"]
[BlackElo "2039"]
[Annotator "NA RC"]
[PlyCount "51"]
[EventDate "2023.11.13"]
[EventType "swiss"]
[EventCountry "ITA"]
[SourceTitle "playchess.com"]
[Source "ChessBase"]
[SourceQuality "1"]
[TimeControl "40/5400+30:1800+30"]

1. d4 d5 2. c4 e6 3. Nc3 c5 4. cxd5 exd5 5. Nf3 Nc6 6. e3 c4 7. Be2 Bb4 8. O-O Nf6 9. Ne5 O-O 10. Nxc6 bxc6 11. Qc2 Qc7 12. b3 cxb3 13. axb3 Bd6 14. h3 Re8 15. Ba3 Bh2+ 16. Kh1 Ne4 17. Nxe4 Rxe4 18. Rfc1 Bd7 19. Bf3 Rh4 20. Bxd5 Qc8 21. Bxc6 Bxh3 22. Bxa8 Qxa8 23. Qc6 Qd8 24. gxh3 Rxh3 25. Qc8 Bc7+ 26. Qxh3 1-0

[Event "FIDE WYCC Girls U18 2023"]
[Site "Montesilvano"]
[Date "2023.11.20"]
[Round "7.13"]
[White "Obada, Ema"]
[Black "Sasvatha A"]
[Result "1-0"]
[ECO "B13"]
[WhiteElo "2023"]
[BlackElo "1568"]
[Annotator "NA RC"]
[PlyCount "121"]
[EventDate "2023.11.13"]
[EventType "swiss"]
[EventCountry "ITA"]
[SourceTitle "playchess.com"]
[Source "ChessBase"]
[SourceQuality "1"]
[TimeControl "40/5400+30:1800+30"]

1. e4 c6 2. d4 d5 3. exd5 cxd5 4. Bd3 Nc6 5. c3 Nf6 6. Bf4 g6 7. Nf3 Bf5 8. Bxf5 gxf5 9. Nbd2 Rg8 10. O-O e6 11. Qb3 Qd7 12. Ne5 Nxe5 13. Bxe5 Ne4 14. Nxe4 fxe4 15. c4 dxc4 16. Qxc4 Bg7 17. Rad1 Rd8 18. Bg3 Qd5 19. Qa4+ b5 20. Qxa7 Bxd4 21. Qc7 Qd7 22. Qc2 Qb7 23. Kh1 f5 24. f3 e3 25. Qd3 Rd5 26. Bf4 Qa7 27. Qe2 Kf7 28. Rc1 e5 29. Bg3 f4 30. Bh4 Rg6 31. Qd3 Qd7 32. Qb3 Rh6 33. g3 Kg7 34. Bg5 Rg6 35. gxf4 exf4 36. Bxf4 e2 37. Rfe1 Bb6 38. Rxe2 Rd3 39. Be5+ Kh6 40. Bf4+ Kg7 41. Re7+ Qxe7 42. Qxd3 Re6 43. Bg3 b4 44. Rc4 Rg6 45. Re4 Qc7 46. Rxb4 Qc5 47. Qd7+ Kg8 48. Qe8+ Kg7 49. Qe5+ Qxe5 50. Bxe5+ Kf7 51. Bg3 Rc6 52. Kg2 Rc2+ 53. Kh3 Bd8 54. Be5 Ke6 55. f4 Kf5 56. Rb8 Be7 57. Rb7 Ke6 58. a4 h5 59. a5 Bc5 60. Rc7 Kd5 61. b4 1-0